 Dungeon Crawl Stone Soup version 0.30-a0-743-gbfdf073431 (webtiles) character file.

Game seed: 5381454094972175676

3812 jimonade the Thaumaturge (level 10, -7/62 HPs)
             Began as a Djinni Venom Mage on Feb 8, 2023.
             Was an Initiate of Ashenzari.
             Mangled by a two-headed ogre
             ... wielding a +0 giant club
              (13 damage)
             ... on level 8 of the Dungeon.
             The game lasted 00:22:48 (8569 turns).

jimonade the Thaumaturge (Djinni Venom Mage)        Turns: 8569, Time: 00:22:49

Health: -7/62      AC:  7    Str:  9    XL:     10   Next: 39%
Gold:   497        EV: 12    Int: 19    God:    Ashenzari [......] SH:  3 Dex: 14

rFire   + + .      SeeInvis .    a - +2 dagger (venom)
rCold   x . .      Faith    .    L - +0 buckler
rNeg    . . .      Spirit   .    N - +0 steam dragon scales
rPois   ∞          Reflect  .    l - +0 helmet
rElec   .          Harm     .    (no cloak)
rCorr   .          Rampage  .    u - +0 pair of gloves
Will    ++...                    (boots unavailable)
Stlth   ++                       (no amulet)
HPRegen 0.30/turn                o - ring of willpower
MPRegen 0.00/turn                (no ring)

@: radiating poison, flying
A: sickness immunity, fire resistance 2, cold vulnerability 1, float, innate
caster, HP casting, extra vitality 1
a: Renounce Religion


You were on level 8 of the Dungeon.
You worshipped Ashenzari.
Ashenzari was noncommittal.
You visited 1 branch of the dungeon, and saw 8 of its levels.

You collected 497 gold pieces.

Inventory:

Hand Weapons
 a - a +2 dagger of venom (weapon)
 b - the +6 sling "Tesouc" {freeze, Int+2}
   (You found it on level 4 of the Dungeon)

   Int:       It affects your intelligence (+2).
 w - a +3 scimitar
 y - a +0 quarterstaff
 z - a +4 hand axe
 M - a +5 morningstar
 O - a +1 dagger of protection
Missiles
 F - 9 poisoned darts
Armour
 h - a +0 leather armour
 k - a +0 ring mail
 l - a +0 helmet (worn)
 m - a +1 chain mail of fire resistance
 u - a +0 pair of gloves (worn)
 L - a +0 buckler (worn)
 N - +0 steam dragon scales (worn)
Jewellery
 n - a ring of ice
 o - a ring of willpower (left hand)
Wands
 I - a wand of paralysis (17)
Scrolls
 d - 2 scrolls of amnesia {unknown}
 e - a scroll of immolation {unknown}
 g - 8 scrolls of identify {unknown}
 q - 3 scrolls of poison {unknown}
 s - a scroll of fog {unknown}
 t - 6 scrolls of teleportation {unknown}
 v - 2 scrolls of summoning {unknown}
 A - 4 scrolls of enchant armour {unknown}
 B - 2 scrolls of enchant weapon {unknown}
 D - a scroll of magic mapping {unknown}
 G - 2 scrolls of noise {unknown}
 J - 3 scrolls of blinking {unknown}
 K - a scroll of fear {unknown}
 P - a scroll of vulnerability {unknown}
Potions
 c - 3 potions of invisibility {unknown}
 f - 4 potions of lignification {unknown}
 i - 2 potions of flight {unknown}
 j - a potion of might {unknown}
 p - 2 potions of heal wounds {unknown}
 r - 3 potions of attraction {unknown}
 x - a potion of degeneration {unknown}
 C - 4 potions of curing {unknown}
 E - 2 potions of magic
 H - a potion of mutation {unknown}


   Skills:
 + Level 1.0 Fighting
 + Level 3.2 Dodging
 - Level 1.5 Stealth
 * Level 11.1 Spellcasting


You had 13 spell levels left.
You knew the following spells:

 Your Spells              Type           Power      Damage    Failure   Level
a - Sting                 Tmut/Pois      100%       1d8       1%          1
b - Poisonous Vapours     Pois/Air       100%       N/A       1%          2
c - Mephitic Cloud        Conj/Pois/Air  52%        N/A       1%          3
d - Olgreb's Toxic Radia  Pois           52%        N/A       1%          4
e - Sandblast             Erth           100%       2d20      1%          1
f - Call Imp              Summ           52%        N/A       1%          2
g - Lesser Beckoning      Tloc           100%       N/A       1%          2
h - Tukima's Dance        Hex            52%        N/A       1%          3
Your spell library was empty.

Dungeon Overview and Level Annotations

Branches:
Dungeon (8/15)             Temple (0/1) D:7
   Lair: D:8-11

Altars:
Ashenzari
Hepliaklqana
Qazlal
Ru
Xom
Zin

Annotations:
D:5 Dowan, Duvessa
D:7 3 runed translucent doors, ParallaxScroll's ghost, novice MiTm; demibob's ghost, novice HOFi


Innate Abilities, Weirdness & Mutations

You are immune to sickness and miasma.
You are immune to poison.
Your flesh is very heat resistant. (rF++)
You are vulnerable to cold. (rC-)
You float through the air rather than walking.
You learn spells naturally, not from books.
Your magical power is your life essence.
You have superior vitality. (+4 MHP)


Message History

You swap places.
The hornet stings your shadow imp!
Your shadow imp dies!
Your shadow imp disappears in a puff of smoke!
Casting: Call Imp (safe; 1% risk of failure)
Confirm with . or Enter, or press ? or * to list all spells.
Okay, then.
Unknown command.
Casting: Call Imp (safe; 1% risk of failure)
Confirm with . or Enter, or press ? or * to list all spells.
You begin to radiate toxic energy.
The hornet is poisoned.
The two-headed ogre is poisoned.
The hornet stings you.
Casting: Olgreb's Toxic Radiance (dangerous; 1% risk of failure)
Confirm with . or Enter, or press ? or * to list all spells.
Your toxic radiance grows in intensity.
The two-headed ogre looks even sicker.
The hornet looks even sicker.
The hornet stings you!
* * * LOW HITPOINT WARNING * * *
The hornet misses you.
Casting: Olgreb's Toxic Radiance (dangerous; 1% risk of failure)
Confirm with . or Enter, or press ? or * to list all spells.
Your toxic radiance grows in intensity.
The hornet looks even sicker.
The two-headed ogre looks even sicker.
* * * LOW HITPOINT WARNING * * *
The hornet stings you but does no damage.
Casting: Olgreb's Toxic Radiance (dangerous; 1% risk of failure)
Confirm with . or Enter, or press ? or * to list all spells.
Your toxic radiance grows in intensity.
The hornet looks as sick as possible!
The two-headed ogre looks as sick as possible!
* * * LOW HITPOINT WARNING * * *
You kill the hornet!
Casting: Olgreb's Toxic Radiance (dangerous; 1% risk of failure)
Confirm with . or Enter, or press ? or * to list all spells.
Aiming: Tukima's Dance (safe; 1% risk of failure)
Press: ? - help, Shift-Dir - straight line, f - two-headed ogre
Aim: a two-headed ogre, wielding two +0 giant clubs (moderately wounded, extremely poisoned, chance to affect: 55%)
The +0 giant club dances into the air!
* * * LOW HITPOINT WARNING * * *
The two-headed ogre looks as sick as possible!
The two-headed ogre wields a +0 giant club.
The two-headed ogre hits you with a +0 giant club!
You die...

###.# #.# #.. #...#
#.####.# # #.#.##
#.##..###.
###....#######......#.#
+......................
##.....###.###.##.....#
#..#.## #.# #........#
#....(# #.# #.##...#.#
#.###@# #.# #.####.#.#
#. #O# #.# #.####.#.#
#.###.###.# #........#
#.........# ##.......#
#####.##### #.###.#.#
#.# #.#.# #...O...#
#.#.# ######### #....
###.#


You could see a two-headed ogre (extremely poisoned, ally target) and a friendly
+0 giant club.

Vanquished Creatures
  A hornet (D:8)
  A shadow (D:7)
  4 yaks (D:8)
  A steam dragon (D:7)
  Edmund (D:6)
  Menkaure (D:7)
  An orc warrior (D:6)
  2 black bears (D:6)
  A sky beast (D:6)
  2 ogres
  2 phantoms
  A bullfrog (D:8)
  2 necrophages
  4 scorpions
  4 wights
  A jelly (D:6)
  5 orc priests
  6 hounds
  3 iguanas
  A gnoll (D:7)
  8 adders
  A white imp (D:6)
  An ufetubus (D:4)
  3 dart slugs (D:1)
  19 orcs
  9 endoplasms
  A giant cockroach (D:2)
  6 goblins
  8 hobgoblins
  2 jackals (D:4)
  7 kobolds
  4 quokkas
  5 ball pythons
  4 bats
  3 frilled lizards
  4 rats
129 creatures vanquished.

Vanquished Creatures (collateral kills)
  A bullfrog (D:6)
  A necrophage (D:6)
  6 wights
  A gnoll bouda (D:7)
  A hound (D:4)
  An iguana (D:4)
  Robin (D:3)
  2 gnolls
  A dart slug (D:3)
  9 orcs
  10 goblins (D:3)
  3 hobgoblins
  A ball python (D:4)
  2 kobolds (D:3)
  2 rats (D:3)
42 creatures vanquished.

Vanquished Creatures (others)
  3 dancing weapons
  6 withered plants (D:7)
9 creatures vanquished.

Grand Total: 180 creatures vanquished

Notes
Turn   | Place    | Note
-------+----------+-------------------------------------------
     0 | D:1      | jimonade the Djinni Venom Mage began the quest for the Orb.
     0 | D:1      | jimonade set off with the following spells memorised:
                  | Sting, Poisonous Vapours, Mephitic Cloud, Olgreb's Toxic
                  | Radiance.
     0 | D:1      | Reached XP level 1. HP: 15/15 MP: 0/0
   111 | D:1      | Reached XP level 2. HP: 11/21 MP: 0/0
   277 | D:1      | Reached skill level 3 in Spellcasting
   453 | D:1      | Reached XP level 3. HP: 24/25 MP: 0/0
   453 | D:1      | Learned a level 1 spell: Sandblast
  1169 | D:2      | Reached XP level 4. HP: 23/31 MP: 0/0
  1466 | D:2      | Reached skill level 4 in Spellcasting
  1620 | D:2      | Reached XP level 5. HP: 30/35 MP: 0/0
  1620 | D:2      | Learned a level 2 spell: Call Imp
  1694 | D:3      | Found a sacrificial altar of Ru.
  1781 | D:3      | Noticed Robin
  1822 | D:3      | Killed Robin
  2394 | D:3      | Found a hazy altar of Hepliaklqana.
  2478 | D:3      | Identified the +0 kite shield of Cotwu {Drain Int+4 SInv}
  2495 | D:3      | Found a stormy altar of Qazlal.
  2980 | D:4      | Reached XP level 6. HP: 38/40 MP: 0/0
  2992 | D:4      | Reached skill level 5 in Spellcasting
  3379 | D:4      | Reached XP level 7. HP: 29/45 MP: 0/0
  3379 | D:4      | Learned a level 2 spell: Lesser Beckoning
  3717 | D:4      | Identified the +6 sling "Tesouc" {freeze, Int+2}
  3928 | D:5      | Entered Level 5 of the Dungeon
  3931 | D:5      | Noticed Duvessa
  3931 | D:5      | Noticed Dowan
  4200 | D:5      | Reached skill level 6 in Spellcasting
  4266 | D:5      | Identified the +1 robe of Quboa {+Inv}
  4470 | D:5      | Reached XP level 8. HP: 31/51 MP: 0/0
  4687 | D:5      | Found a broken altar of Ashenzari.
  4761 | D:5      | Became a worshipper of Ashenzari the Shackled
  5145 | D:6      | Noticed Edmund
  5163 | D:6      | Killed Edmund
  5164 | D:6      | Reached skill level 7 in Spellcasting
  6065 | D:6      | Reached skill level 8 in Spellcasting
  6080 | D:6      | Reached XP level 9. HP: 35/56 MP: 0/0
  6080 | D:6      | Learned a level 3 spell: Tukima's Dance
  6488 | D:6      | Found a shadowy altar of Dithmenos.
  6491 | D:6      | Found a hazy altar of Hepliaklqana.
  6491 | D:6      | Found a shimmering altar of Xom.
  6499 | D:6      | Reached skill level 9 in Spellcasting
  6527 | D:6      | Found a sacrificial altar of Ru.
  6527 | D:6      | Found a glowing silver altar of Zin.
  7049 | D:7      | Noticed Menkaure
  7053 | D:7      | Killed Menkaure
  7364 | D:7      | Reached skill level 10 in Spellcasting
  7956 | D:7      | Found a runed translucent gate.
  7956 | D:7      | Found a runed translucent gate.
  7956 | D:7      | Found a runed translucent gate.
  7958 | D:7      | Noticed demibob's ghost (novice HOFi)
  7959 | D:7      | Noticed ParallaxScroll's ghost (novice MiTm)
  7990 | D:7      | Found a staircase to the Ecumenical Temple.
  8174 | D:8      | Reached XP level 10. HP: 49/61 MP: 0/0
  8184 | D:8      | Reached skill level 1 in Fighting
  8387 | D:8      | Reached skill level 11 in Spellcasting
  8558 | D:8      | Noticed a two-headed ogre
  8569 | D:8      | Mangled by a two-headed ogre

Illustrated notes

Levels and vault maps discovered:
D:1:      dpeg_arrival_rhombus, layout_loops_ring, minmay_pentomino_v2
D:2:      layout_rooms, basic_altar, st_stairs_2
D:3:      layout_loops_corners, lemuel_crystal_altar, grunt_qazlal_clouds,
          general_overflow_altar, uniq_robin
D:4:      layout_cave_pods
D:5:      layout_basic, nicolae_ashenzari_skybound, uniq_duvessa, uniq_pikel
D:6:      layout_basic, doesnt_xom_only_xom, st_stairs_4, uniq_edmund
D:7:      layout_basic, mainiacjoe_overflow_tiny_flanked,
          minmay_temple_entry_stoned_glass, gammafunk_ghost_cemetery,
          uniq_menkaure
D:8:      layout_loops_corners, david_lair_shrubbed

Skill      XL: |  1  2  3  4  5  6  7  8  9 10 |
---------------+-------------------------------+-----
Spellcasting   | 3 4 5 6 8 10 11 | 11.1
Dodging        | 3 |  3.2
Fighting       | 1 |  1.0
Stealth        | |  1.5

Action                     |  1- 3 |  4- 6 |  7- 9 | 10-12 || total
---------------------------+-------+-------+-------+-------++-------
  Melee: Short sword       |     1 |       |       |       ||     1
         Dagger            |       |       |     3 |       ||     3
   Fire: Sling             |       |       |     5 |       ||     5
   Cast: Sting             |    73 |    62 |    48 |       ||   183
         Call Imp          |       |    25 |    34 |     6 ||    65
         Sandblast         |       |     5 |    48 |     8 ||    61
         Mephitic Cloud    |       |       |     3 |       ||     3
         Olgreb's Toxic Ra |       |       |    36 |     7 ||    43
         Tukima's Dance    |       |       |     8 |     9 ||    17
 Invoke: Curse Item        |       |       |     1 |       ||     1
         Shatter the Chain |       |       |     1 |       ||     1
 Armour: Robe              |     6 |    10 |    14 |       ||    30
         Steam dragon scal |       |       |     2 |     1 ||     3
  Dodge: Dodged            |    38 |    32 |    45 |     8 ||   123

Table legend: (Time is in decaauts)
 A = Elapsed time spent in this place.
 B = Non-inter-level travel time spent in this place.
 C = Inter-level travel time spent in this place.
 D = Time resting spent in this place.
 E = Time spent auto-exploring this place.
 F = Levels seen in this place.
 G = Mean time per level.
                   A        B        C        D        E       F      G
               +--------+--------+--------+--------+--------+-----+--------+
         Total |   8599 |   8229 |    370 |    975 |   5650 |   8 | 1074.9 |
       Dungeon |   8599 |   8229 |    370 |    975 |   5650 |   8 | 1074.9 |
               +--------+--------+--------+--------+--------+-----+--------+

Top non-repeatable levels by time:
     D:6: 2159 daAuts
     D:5: 1212 daAuts
     D:3: 1193 daAuts
     D:4: 1148 daAuts
     D:1: 1012 daAuts
     D:7: 708 daAuts
     D:2: 657 daAuts
     D:8: 508 daAuts
